 Dungeon Crawl Stone Soup version 0.19.5 (webtiles) character file.

3815 Peloso the Carver (level 9, -2/79 HPs)
             Began as a Minotaur Fighter on Mar 11, 2017.
             Was a Priest of Okawaru.
             Slain by a gnoll
             ... wielding a +0 halberd
              (3 damage)
             ... while paralysed
             ... in a bailey.
             The game lasted 00:20:00 (6847 turns).

Peloso the Carver (Minotaur Fighter)                Turns: 6847, Time: 00:20:01

Health: -2/79      AC: 17    Str: 22    XL:     9   Next: 97%
Magic:  17/17      EV:  2    Int:  5    God:    Okawaru [***...]
Gold:   441        SH:  0    Dex: 12    Spells: 0 memorised, 8 levels left

rFire  . . .     SeeInvis .     a - +0 long sword
rCold  . . .     Gourm    .     v - +0 plate armour
rNeg   . . .     Faith    .     i - +0 shield (curse)
rPois  .         Spirit   .     (helmet restricted)
rElec  .         Reflect  .     (no cloak)
rCorr  .         Harm     .     p - +1 pair of gloves
MR     .....     Rnd*Tele +     h - +0 pair of boots
Stlth  ..........               (no amulet)
                                B - ring of teleportation (curse)
                                C - ring of magical power

@: paralysed, exhausted, held, slowed
A: retaliatory headbutt, horns 2
a: Heroism, Renounce Religion


You were in a bailey.
You worshipped Okawaru.
Okawaru was most pleased with you.
You were not hungry.

You visited 2 branches of the dungeon, and saw 9 of its levels.
You also visited: Bailey.

You collected 441 gold pieces.

Inventory:

Hand Weapons
 a - a +0 long sword (weapon)
 u - a +3 flail
Armour
 c - a +0 shield
 h - a +0 pair of boots (worn)
 i - a cursed +0 shield (worn)
 p - a +1 pair of gloves (worn)
 v - a +0 plate armour (worn)
 E - a +2 buckler
Jewellery
 w - a +5 ring of evasion
 y - an uncursed ring of stealth
 B - a cursed ring of teleportation (right hand)
 C - a ring of magical power (left hand)
Scrolls
 d - a scroll of magic mapping
 g - a scroll of identify
 o - a scroll of teleportation {unknown}
 s - 2 scrolls of blinking {unknown}
 x - 3 scrolls of enchant armour {unknown}
 z - 4 scrolls of remove curse
 A - 2 scrolls of fog
 I - a scroll of immolation {unknown}
 J - 2 scrolls of recharging {unknown}
 O - 2 scrolls of amnesia {unknown}
Potions
 b - a potion of agility
 e - 4 potions of haste
 l - a potion of cancellation {unknown}
 m - 3 potions of curing
 n - 2 potions of invisibility
 q - 2 potions of flight
 r - 2 potions of resistance {unknown}
 t - a potion of degeneration {unknown}
 G - a potion of berserk rage
 K - 2 potions of lignification {unknown}
 P - a potion of mutation {unknown}
 Q - a potion of brilliance {unknown}
Books
 k - a book of Maledictions

   Spells                             Type                      Level
   a - Corona                         Hexes                        1
   b - Ensorcelled Hibernation        Hexes/Ice                    2
   c - Confuse                        Hexes                        3
   d - Tukima's Dance                 Hexes                        3
   e - Dazzling Spray                 Conjuration/Hexes            3
 H - a book of Air

   Spells                             Type                      Level
   a - Shock                          Conjuration/Air              1
   b - Swiftness                      Charms/Air                   2
   c - Repel Missiles                 Charms/Air                   2
   d - Static Discharge               Conjuration/Air              3
   e - Lightning Bolt                 Conjuration/Air              5
Comestibles
 f - 6 bread rations
 j - 3 meat rations
 D - 4 fruits
 F - a royal jelly
 L - 5 chunks of flesh
 M - 2 beef jerkies
 N - 7 slices of pizza


   Skills:
 + Level 7.6 Fighting
 + Level 10.2 Long Blades
 + Level 8.7 Armour
 + Level 2.6 Dodging
 + Level 1.0 Stealth
 + Level 9.3 Shields


You had 8 spell levels left.
You didn't know any spells.

Dungeon Overview and Level Annotations

Branches:
Dungeon (8/15)             Temple (1/1) D:5
   Lair: D:8-11

Altars:
Ashenzari
Cheibriados
Dithmenos
Elyvilon
Fedhas
Gozag
Hepliaklqana
Kikubaaqudgha
Makhleb
Nemelex Xobeh
Okawaru
Qazlal
Ru
Sif Muna
Trog
Uskayaw
Vehumet
Xom
Yredelemnul
Zin
The Shining One

Shops:
D:6 *


Innate Abilities, Weirdness & Mutations

You reflexively headbutt those who attack you in melee.
You have a pair of horns on your head.


Message History

The gnoll sergeant hits you but does no damage.
The gnoll sergeant hits you from afar with a halberd.
* * * LOW HITPOINT WARNING * * *
The gnoll hits you but does no damage. x2
The gnoll shaman calls upon its god to speed up the gnoll sergeant.
The gnoll sergeant seems to speed up.
The gnoll barely misses you.
The gnoll sergeant hits you but does no damage.
The gnoll sergeant barely misses you.
The gnoll shaman calls upon its god to heal the gnoll.
The gnoll is healed somewhat.
The gnoll barely misses you. The gnoll hits you but does no damage.
The gnoll sergeant hits you but does no damage.
The gnoll sergeant hits you but does no damage.
The gnoll hits you but does no damage. x2
The gnoll sergeant hits you from afar with a glaive!
* * * LOW HITPOINT WARNING * * *
The gnoll shaman hits you but does no damage.
The gnoll hits you but does no damage. x2; Something unseen opens the door.
The gnoll hits you from afar with a halberd.
You die...

############# ♣.≈..#
#.8g.@gg..8.#
♣♣.≈..#
#.gg.g.g.....
♣..≈..#
#..gg..g.....
♣..≈..#
#...#####....
♣♣..≈..# +..# ...#
... ♣♣...≈..#####
..... #'
♣♣.......'.(.#g..$..
.))......'(..'g..8g.
♣♣)......'...#...$..


You could see 3 gnoll sergeants, 2 gnoll shamans and 5 gnolls.

Vanquished Creatures
  Pikel (D:6)
  The ghost of thelegendofawesome the Skirmisher, an amateur TrAK of Lugonu (D:4)
  3 hogs (D:7)
  A yak (D:7)
  A human (D:7)
  Eustachio (D:6)
  A water moccasin (D:6)
  4 ogres
  2 phantoms (D:4)
  A centaur (D:5)
  2 bullfrogs (D:6)
  3 gnoll sergeants
  2 scorpions
  A water moccasin skeleton (D:4)
  A howler monkey (D:5)
  2 crimson imps
  Crazy Yiuf (D:3)
  7 hounds
  8 orc wizards
  2 centaur skeletons
  2 orc priests
  Jessica (D:3)
  3 worker ants
  3 iguanas
  A killer bee zombie (D:4)
  A hound skeleton (D:5)
  13 gnolls
  8 adders
  A shadow imp (D:5)
  An adder skeleton (D:4)
  3 worms
  4 dart slugs
  6 leopard geckos
  26 orcs
  A ball python (D:5)
  A giant cockroach (D:3)
  11 goblins
  13 hobgoblins
  2 jackals (D:7)
  3 quokkas
  8 bats
  6 frilled lizards
  A jackal skeleton (D:5)
  8 kobolds
  A leopard gecko zombie (D:7)
  5 rats
178 creatures vanquished.

Vanquished Creatures (others)
  A human (D:2)
1 creature vanquished.

Grand Total: 179 creatures vanquished

Notes
Turn   | Place    | Note
-------+----------+-------------------------------------------
     0 | D:1      | Peloso the Minotaur Fighter began the quest for the Orb.
     0 | D:1      | Reached XP level 1. HP: 19/19 MP: 0/0
   162 | D:1      | Reached XP level 2. HP: 27/27 MP: 1/1
   602 | D:2      | Reached XP level 3. HP: 33/33 MP: 2/2
   655 | D:2      | Reached skill level 3 in Long Blades
   691 | D:2      | Found a burning altar of Makhleb.
   767 | D:2      | Reached XP level 4. HP: 38/40 MP: 3/3
   924 | D:2      | Found an ancient bone altar of Kikubaaqudgha.
   980 | D:2      | Noticed a human
   981 | D:2      | Killed a human
  1008 | D:3      | Noticed Jessica
  1017 | D:3      | Killed Jessica
  1017 | D:3      | Reached skill level 4 in Long Blades
  1160 | D:3      | Found a runed door.
  1361 | D:3      | Reached XP level 5. HP: 45/46 MP: 4/4
  1801 | D:3      | Noticed Crazy Yiuf
  1809 | D:3      | Killed Crazy Yiuf
  2078 | D:4      | Noticed an ogre
  2271 | D:4      | Noticed a phantom
  2299 | D:4      | Killed a phantom
  2299 | D:4      | Reached skill level 5 in Long Blades
  2299 | D:4      | Reached skill level 5 in Armour
  2299 | D:4      | Reached skill level 5 in Shields
  2299 | D:4      | Reached XP level 6. HP: 44/53 MP: 5/5
  2675 | D:4      | Reached skill level 1 in Dodging
  2679 | D:4      | Reached XP level 7. HP: 34/60 MP: 6/6
  2801 | D:4      | Noticed thelegendofawesome's ghost (amateur TrAK)
  2973 | D:3      | Reached skill level 5 in Fighting
  3148 | D:4      | Killed thelegendofawesome's ghost
  3148 | D:4      | Reached skill level 6 in Long Blades
  3536 | D:4      | Reached XP level 8. HP: 51/69 MP: 7/7
  3915 | D:5      | Entered Level 5 of the Dungeon
  4209 | D:5      | Reached skill level 7 in Long Blades
  4543 | D:5      | Found a staircase to the Ecumenical Temple.
  4551 | Temple   | Entered the Ecumenical Temple
  4640 | Temple   | Became a worshipper of Warmaster Okawaru
  4956 | D:6      | Reached skill level 8 in Long Blades
  5010 | D:6      | Noticed Eustachio
  5068 | D:6      | Reached * piety under Okawaru
  5078 | D:6      | Killed Eustachio
  5138 | D:6      | Reached skill level 9 in Long Blades
  5138 | D:6      | Reached XP level 9. HP: 76/78 MP: 8/8
  5260 | D:6      | Noticed Pikel
  5273 | D:6      | Killed Pikel
  5273 | D:6      | Reached ** piety under Okawaru
  5404 | D:6      | Found an opulent altar of Gozag.
  5407 | D:6      | Found Gozag's Platinum Reserve.
  5825 | D:7      | Reached skill level 10 in Long Blades
  6255 | D:7      | Reached *** piety under Okawaru
  6392 | D:7      | Found a hazy altar of Hepliaklqana.
  6392 | D:7      | Found a shadowy altar of Dithmenos.
  6612 | D:8      | Reached skill level 1 in Stealth
  6643 | D:8      | Found a flagged portal.
  6695 | Bailey   | Entered a bailey
  6847 | Bailey   | HP: 1/79 [gnoll sergeant/glaive (13)]
  6847 | Bailey   | Slain by a gnoll

Skill      XL: |  1  2  3  4  5  6  7  8  9 |
---------------+----------------------------+-----
Fighting       | 4 5 6 7 |  7.6
Armour         | 4 5 6 7 8 |  8.7
Shields        | 4 5 6 7 9 |  9.3
Long Blades    | 3 4 5 6 9 10 | 10.2
Dodging        | 1 2 |  2.6
Stealth        | 1 |  1.0

Action                   |  1- 3 |  4- 6 |  7- 9 || total
-------------------------+-------+-------+-------++-------
Melee: Long sword        |    73 |   143 |   478 ||   694
       Headbutt          |    12 |    32 |   110 ||   154
  Use: Scroll            |     2 |     3 |     6 ||    11
       Potion            |       |     1 |     3 ||     4
  Eat: Chunk             |       |     6 |    13 ||    19
       Beef jerky        |       |       |     1 ||     1
Armor: Scale mail        |    37 |    62 |    17 ||   116
       Plate armour      |       |       |   209 ||   209
Dodge: Dodged            |    14 |    59 |   125 ||   198
Block: Shield            |    45 |    83 |   291 ||   419
       Rpst.: Long sword |     3 |    20 |    33 ||    56
